 Dungeon Crawl Stone Soup version 0.22.0-21-g8bd1b0a76a (webtiles) character file.

2605 Htamos the Thaumaturge (level 9, -11/52 HPs)
             Began as a Deep Elf Wizard on Aug 19, 2018.
             Was a Follower of Sif Muna.
             Killed from afar by a deep elf mage (27 damage)
             ... with a bolt of fire
             ... in a bailey.
             The game lasted 00:28:10 (10770 turns).

Htamos the Thaumaturge (Deep Elf Wizard)           Turns: 10770, Time: 00:28:36

Health: -11/52     AC:  5    Str:  7    XL:     9   Next: 33%
Magic:  14/23      EV: 14    Int: 27    God:    Sif Muna [*.....]
Gold:   378        SH: 10    Dex: 13    Spells: 13/24 levels left

rFire    . . .     SeeInvis .   G - +1 trident (flame)
rCold    . . .     Gourm    .   v - +1 shield
rNeg     . . .     Faith    +   a - +0 robe
rPois    .         Spirit   .   b - +0 hat
rElec    .         Reflect  .   J - +2 cloak
rCorr    +         Harm     .   (no gloves)
MR       .....                  (no boots)
Stlth    ++........             C - amulet of faith
HPRegen  0.17/turn              o - ring of resist corrosion
MPRegen  0.18/turn              y - +3 ring of strength

@: very slightly contaminated, hasted, very quick
A: no striking features
a: Divine Energy, Renounce Religion


You were in a bailey.
You worshipped Sif Muna.
Sif Muna was aware of your devotion.
You were not hungry.

You visited 1 branch of the dungeon, and saw 8 of its levels.
You also visited: Bailey.

You collected 378 gold pieces.

Inventory:

Hand Weapons
 u - a +0 blowgun
 B - a +3 dagger
 E - a +0 shortbow
 G - a +1 trident of flaming (weapon)
Missiles
 f - 17 sling bullets
 q - 224 stones (quivered)
 H - 44 arrows
 M - 8 javelins of penetration
Armour
 a - a +0 robe (worn)
 b - a +0 hat (worn)
 v - a +1 shield (worn)
 I - a +0 scale mail
 J - a +2 cloak (worn)
Jewellery
 e - an uncursed ring of protection from magic {unknown}
 l - an uncursed ring of fire
 o - a ring of resist corrosion (left hand)
 y - a +3 ring of strength (right hand)
 C - an amulet of faith (around neck)
Scrolls
 g - a scroll of identify
 h - a scroll of magic mapping {unknown}
 s - 8 scrolls of remove curse
 L - a scroll of blinking
Potions
 c - a potion of lignification {unknown}
 k - 2 potions of flight
 n - a potion of magic
 p - 3 potions of heal wounds
 r - 3 potions of haste
 z - 2 potions of might
 A - 2 potions of mutation {unknown}
 F - 3 potions of curing {unknown}
Comestibles
 d - 9 rations
 i - a chunk of flesh


   Skills:
 + Level 4.3 Fighting
 + Level 6.6 Dodging
 - Level 2.4 Stealth
 * Level 5.6 Shields
 + Level 8.1 Spellcasting
 + Level 6.0 Conjurations
 - Level 1.1 Summonings
 - Level 1.1 Translocations


You had 13 spell levels left.
You knew the following spells:

 Your Spells              Type           Power        Failure   Level  Hunger
a - Magic Dart            Conj           ####         1%          1    None
b - Blink                 Tloc           N/A          17%         2    None
c - Call Imp              Summ           ###.....     17%         2    None
d - Conjure Flame         Conj/Fire      ####....     16%         3    None
e - Mephitic Cloud        Conj/Pois/Air  ###.....     22%         3    None

Your spell library contained the following spells:

 Spells                   Type           Power        Failure   Level  Hunger
 Slow                     Hex            ##......     26%         2    None


Dungeon Overview and Level Annotations

Branches:
Dungeon (8/15)             Temple (0/1) D:6
   Lair: D:8-11

Altars:
Elyvilon
Gozag
Makhleb
Nemelex Xobeh
Qazlal
Sif Muna
Trog
Zin

Shops:
D:7 *

Annotations:
D:7 exclusions: centaur, downstairs and 2 more exclusions


Message History

Aiming: Magic Dart (safe; 1% risk of failure)
Press: ? - help, Shift-Dir - straight line, f/p - deep elf mage
Aim: a deep elf mage, wielding a long sword and wearing a leather armour (heavily wounded)
You miscast Magic Dart.
You are very lightly contaminated with residual magic.
You smell something strange.
You block the deep elf mage's attack.
The fire elemental hits your crimson imp.
Your crimson imp misses the fire elemental.
Unknown command.
Evoke which item? (* to show all) (? for menu, Esc to quit)
Okay, then.
Okay, then.
You feel yourself speed up. The fire elemental hits you.
The fire elemental burns you!
* * * LOW HITPOINT WARNING * * *
The fire elemental closely misses your crimson imp.
The deep elf mage gestures at you while chanting.
The bolt of fire hits you!
Ouch! That really hurt!
You die...

#####+
##....#
#.E...#
#..55.#
#..e@.#
##..E##
#..##§####
#...
##...##
#...
#.....#
##.
#..∩..# ##
##...##
#####


You could see a deep elf mage, 2 fire elementals, a friendly crimson imp and a
friendly white imp.

Vanquished Creatures
  A two-headed ogre (D:8)
  An ice beast (D:8)
  A sky beast (D:5)
  A phantom (D:7)
  An ogre (D:4)
  A centaur (D:7)
  A scorpion (D:6)
  3 killer bees (D:8)
  2 howler monkeys
  3 crimson imps
  A centaur skeleton (D:6)
  4 hounds
  3 bullfrog skeletons
  2 orc wizards
  An iguana (D:8)
  4 worker ants
  A hound skeleton (D:4)
  A mummy (D:5)
  A gnoll (D:5)
  16 adders
  3 oozes
  3 worms
  2 adder skeletons
  A dart slug (D:4)
  5 leopard geckos
  12 orcs
  7 giant cockroaches
  11 goblins
  7 hobgoblins
  6 jackals
  6 kobolds
  2 quokkas (D:4)
  4 ball pythons
  2 bats
  4 frilled lizards
  6 rats
130 creatures vanquished.

Vanquished Creatures (collateral kills)
  A hippogriff (D:8)
  A sky beast (D:7)
  2 ice beasts
  A centaur (D:6)
  2 ogres
  A scorpion (D:6)
  A killer bee (D:8)
  2 howler monkeys
  A hound (D:5)
  A quasit (D:6)
  A worker ant zombie (D:8)
  6 gnolls (D:5)
  An adder (D:5)
  A worm (D:2)
  5 orcs
  A bat (D:3)
28 creatures vanquished.

Grand Total: 158 creatures vanquished

Notes
Turn   | Place    | Note
-------+----------+-------------------------------------------
     0 | D:1      | Htamos the Deep Elf Wizard began the quest for the Orb.
     0 | D:1      | Reached XP level 1. HP: 10/10 MP: 7/7
   313 | D:1      | Reached XP level 2. HP: 16/16 MP: 3/9
   317 | D:1      | Learned a level 2 spell: Blink
   320 | D:1      | Learned a level 2 spell: Call Imp
  1247 | D:1      | Reached XP level 3. HP: 20/20 MP: 4/11
  1687 | D:2      | Found a burning altar of Makhleb.
  1692 | D:2      | Reached skill level 1 in Fighting
  1750 | D:2      | Reached XP level 4. HP: 25/25 MP: 8/12
  1794 | D:2      | Reached skill level 5 in Spellcasting
  2322 | D:2      | Found a sparkling altar of Nemelex Xobeh.
  2606 | D:2      | Found a faded altar of an unknown god.
  2749 | D:3      | Reached XP level 5. HP: 6/29 MP: 1/14
  3134 | D:3      | Reached skill level 1 in Shields
  4152 | D:3      | Found a deep blue altar of Sif Muna.
  4293 | D:3      | Became a worshipper of Sif Muna the Loreminder
  4367 | D:4      | Noticed an ogre
  4375 | D:4      | Killed an ogre
  4375 | D:4      | Reached XP level 6. HP: 35/35 MP: 8/16
  5406 | D:4      | Reached XP level 7. HP: 26/40 MP: 10/17
  5609 | D:4      | Learned a level 3 spell: Conjure Flame
  5613 | D:4      | Learned a level 3 spell: Mephitic Cloud
  5812 | D:5      | Entered Level 5 of the Dungeon
  6090 | D:5      | Reached skill level 6 in Spellcasting
  7081 | D:6      | Found an opulent altar of Gozag.
  7388 | D:6      | Reached skill level 5 in Dodging
  7556 | D:6      | Reached XP level 8. HP: 46/46 MP: 11/19
  7633 | D:6      | Found a white marble altar of Elyvilon.
  7634 | D:6      | Found a bloodstained altar of Trog.
  7634 | D:6      | Found an opulent altar of Gozag.
  7979 | D:6      | Found a staircase to the Ecumenical Temple.
  8473 | D:7      | Reached skill level 5 in Conjurations
  8769 | D:7      | Found Zin's Purification Station.
  8772 | D:7      | Found a glowing silver altar of Zin.
  9187 | D:7      | Reached skill level 7 in Spellcasting
  9395 | D:7      | Reached * piety under Sif Muna
 10044 | D:8      | Noticed a two-headed ogre
 10069 | D:8      | Killed a two-headed ogre
 10069 | D:8      | Reached skill level 5 in Shields
 10069 | D:8      | Reached XP level 9. HP: 52/52 MP: 13/22
 10564 | D:8      | Found a stormy altar of Qazlal.
 10586 | D:8      | Reached skill level 8 in Spellcasting
 10592 | D:8      | Found a flagged portal.
 10753 | Bailey   | Entered a bailey
 10758 | Bailey   | Noticed a deep elf mage
 10770 | Bailey   | Killed from afar by a deep elf mage

Skill      XL: |  1  2  3  4  5  6  7  8  9 |
---------------+----------------------------+-----
Conjurations   | 2 3 4 5 6 |  6.0
Fighting       | 1 2 3 4 |  4.3
Dodging        | 3 4 5 6 |  6.6
Spellcasting   | 5 6 7 8 |  8.1
Shields        | 1 2 3 5 |  5.6
Stealth        | |  2.4
Summonings     | |  1.1
Translocations | |  1.1

Action                   |  1- 3 |  4- 6 |  7- 9 || total
-------------------------+-------+-------+-------++-------
Melee: Whip              |    15 |     9 |       ||    24
       Dagger            |     5 |       |       ||     5
       Club              |     3 |       |       ||     3
       Trident           |       |       |    95 ||    95
 Cast: Magic Dart        |    56 |   189 |   138 ||   383
       Call Imp          |     1 |    15 |    75 ||    91
       Blink             |       |     3 |       ||     3
       Mephitic Cloud    |       |       |     1 ||     1
Evoke: Wand              |       |       |     6 ||     6
  Use: Scroll            |       |       |    17 ||    17
       Potion            |       |       |     5 ||     5
 Stab: Sleeping          |     1 |       |       ||     1
       Distracted        |       |       |     2 ||     2
       Confused          |       |       |     2 ||     2
  Eat: Chunk             |     2 |    11 |    14 ||    27
       Ration            |       |       |     1 ||     1
Armor: Robe              |     6 |     7 |    26 ||    39
Dodge: Dodged            |    27 |    39 |   112 ||   178
Block: Shield            |       |     1 |    49 ||    50
